 Dungeon Crawl Stone Soup version 0.23-a0-516-g0f8c245 (webtiles) character file.

419 galech the Chopper (level 6, -8/48 HPs)
             Began as a Demonspawn Fighter on Dec 5, 2018.
             Killed by divine providence
             ... invoked by an orc priest
              (10 damage)
             ... on level 4 of the Dungeon.
             The game lasted 00:02:46 (2839 turns).

galech the Chopper (Demonspawn Fighter)             Turns: 2839, Time: 00:02:46

Health: -8/48      AC: 17    Str: 17    XL:     6   Next: 62%
Magic:  0/6        EV:  3    Int:  9    God:
Gold:   148        SH:  9    Dex: 14    Spells: 5/5 levels left

rFire    . . .     SeeInvis .   a - +0 war axe
rCold    . . .     Gourm    .   c - +0 shield
rNeg     . . .     Faith    .   v - +0 plate armour
rPois    .         Spirit   +   (no helmet)
rElec    .         Reflect  .   (no cloak)
rCorr    .         Harm     .   p - +0 pair of gloves
MR       .....                  (no boots)
Stlth    ..........             x - amulet of the acrobat
HPRegen  0.16/turn              o - +3 ring of protection
MPRegen  0.10/turn              (no ring)

@: no status effects
A: hooves 1, slimy green scales 1, magic shield, rot immunity
a: no special abilities


You were on level 4 of the Dungeon.
You were hungry.

You visited 1 branch of the dungeon, and saw 4 of its levels.

You collected 148 gold pieces.

Inventory:

Hand Weapons
 a - a +0 war axe (weapon)
Armour
 b - a +0 scale mail
 c - a +0 shield (worn)
 p - a +0 pair of gloves (worn)
 v - a +0 plate armour (worn)
Jewellery
 o - a +3 ring of protection (left hand)
 x - an amulet of the acrobat (around neck)
Wands
 w - a wand of polymorph (4)
Scrolls
 g - a scroll of enchant weapon {unknown}
 j - 2 scrolls of identify {unknown}
 m - 3 scrolls of immolation {unknown}
 n - a scroll of fog {unknown}
 r - a scroll of remove curse {unknown}
 s - a scroll of fear {unknown}
 u - a scroll of amnesia {unknown}
 y - a scroll of teleportation {unknown}
Potions
 d - a potion of might
 e - a potion of agility {unknown}
 h - a potion of degeneration {unknown}
 i - 2 potions of curing {unknown}
 k - a potion of mutation {unknown}
 l - 2 potions of haste
 q - a potion of lignification {unknown}
 t - a potion of cancellation {unknown}
Comestibles
 f - 12 rations


   Skills:
 + Level 3.7 Fighting
 + Level 4.3 Axes
 + Level 3.9 Armour
 + Level 1.6 Dodging
 + Level 0.1 Stealth
 + Level 3.7 Shields


You had 5 spell levels left.
You didn't know any spells.
Your spell library was empty.

Dungeon Overview and Level Annotations

Branches:
Dungeon (4/15)
 Temple: D:4-7

Altars:
Ashenzari
Elyvilon
Kikubaaqudgha
Nemelex Xobeh
Ru


Innate Abilities, Weirdness & Mutations

You have large cloven feet.
You are partially covered in slimy green scales. (AC +2)
When hurt, damage is shared between your health and your magic reserves.
You are immune to rotting.


Message History

The orc wizard hits you but does no damage.
You closely miss the orc wizard. Your kick misses the orc wizard.
The orc wizard is severely wounded.
The orc wizard hits you with a +0 dagger.
The orc priest hits you but does no damage.
The orc wizard barely misses you.
Unknown command.
Unknown command.
You slash the orc wizard!
You kill the orc wizard!
The orc priest barely misses you. You block the orc priest's attack.
Found a falchion.
Items here: ( )) [ † a +0 dagger; a +0 robe; a +0 dagger; 2 tomahawks; an orc corpse You hit the orc priest but do no damage.
Your kick misses the orc priest.
The orc priest mumbles some strange prayers to Beogh against you.
Beogh smites you!
You die...

##############
#.............
#.#.##.#######
#.#.##.# #.#.##.#
### #.#.##.# #.)
..#########.#.##.#
#.#
)....oo@......##.#
#.#
#.##############.#
#.# #.#####.#
#.<.....#
###########
#..........
#.#######.. #.#
##.. #.# ##..#


You could see an orc priest and an orc.

Vanquished Creatures
  An ogre (D:4)
  A bullfrog (D:4)
  A scorpion (D:4)
  An orc priest (D:3)
  An orc wizard (D:4)
  Natasha (twice) (D:4)
  3 adders
  A howler monkey skeleton (D:4)
  A worm (D:4)
  A dart slug (D:1)
  3 leopard geckos
  9 orcs
  4 bats
  2 giant cockroaches (D:2)
  3 goblins
  6 hobgoblins
  4 jackals (D:4)
  A quokka (D:4)
  2 frilled lizards (D:1)
  10 kobolds
  A quokka skeleton (D:4)
  11 rats
69 creatures vanquished.

Notes
Turn   | Place    | Note
-------+----------+-------------------------------------------
     0 | D:1      | galech the Demonspawn Fighter began the quest for the Orb.
     0 | D:1      | Reached XP level 1. HP: 18/18 MP: 1/1
   181 | D:1      | Gained mutation: You are partially covered in slimy green
                  | scales. (AC +2) [demonic ancestry]
   181 | D:1      | Reached XP level 2. HP: 24/24 MP: 2/2
   273 | D:1      | Found a shattered altar of Ashenzari.
   386 | D:1      | Reached skill level 2 in Axes
   708 | D:2      | Gained mutation: When hurt, damage is shared between your
                  | health and your magic reserves. [demonic ancestry]
   708 | D:2      | Reached XP level 3. HP: 26/29 MP: 3/3
   966 | D:2      | Found a white marble altar of Elyvilon.
  1099 | D:3      | Found a sacrificial altar of Ru.
  1101 | D:3      | Found an ancient bone altar of Kikubaaqudgha.
  1725 | D:3      | Gained mutation: You have large cloven feet. [demonic
                  | ancestry]
  1725 | D:3      | Reached XP level 4. HP: 35/35 MP: 4/4
  2269 | D:4      | Noticed an ogre
  2274 | D:4      | Killed an ogre
  2274 | D:4      | Reached skill level 3 in Axes
  2274 | D:4      | Gained mutation: You are immune to rotting. [demonic
                  | ancestry]
  2274 | D:4      | Reached XP level 5. HP: 14/41 MP: 1/5
  2507 | D:4      | Noticed Natasha
  2517 | D:4      | Killed Natasha
  2517 | D:4      | Reached skill level 1 in Dodging
  2569 | D:4      | Reached XP level 6. HP: 35/47 MP: 6/6
  2679 | D:4      | Reached skill level 4 in Axes
  2746 | D:4      | Noticed Natasha
  2751 | D:4      | Killed Natasha
  2762 | D:4      | Found a sparkling altar of Nemelex Xobeh.
  2835 | D:4      | HP: 1/48 [orc wizard/magic dart (4)]
  2839 | D:4      | Killed from afar by an orc priest

Vault maps used:
D:1:      scummos_arrival_forest, nicolae_ashenzari_panopticon
D:2:      elyvilon_altar_3
D:3:      chequers_temple_overflow_statue_of_worship, first_ration,
          minmay_misc_feat_cross
D:4:      lemuel_coloured_pillars_altar, nemelex_diamond_rough_becter,
          uniq_natasha

Skill      XL: |  1  2  3  4  5  6 |
---------------+-------------------+-----
Armour         | 3 |  3.9
Shields        | 3 |  3.7
Axes           | 2 3 4 |  4.3
Dodging        | 1 |  1.6
Fighting       | |  3.7
Stealth        | |  0.1

Action                   |  1- 3 |  4- 6 || total
-------------------------+-------+-------++-------
Melee: War axe           |   138 |    95 ||   233
       Kick              |       |    24 ||    24
  Eat: Chunk             |     2 |     4 ||     6
Armor: Scale mail        |    65 |    22 ||    87
       Plate armour      |       |    42 ||    42
Dodge: Dodged            |    39 |    24 ||    63
Block: Shield            |    90 |    48 ||   138

Table legend:
 A = Non-vault XP
 B = Vault XP
 C = Vault XP percentage of total XP
 D = Non-vault monster count
 E = Vault monster count
 F = Vault count percentage of total count
                 A         B        C        D         E       F
            +---------+---------+-------+---------+---------+-------
      Total |     563 |      36 |   6.0 |      68 |       1 |   1.4
            +---------+---------+-------+---------+---------+-------
        D:1 |      29 |       0 |   0.0 |      17 |       0 |   0.0
        D:2 |      44 |       0 |   0.0 |      19 |       0 |   0.0
        D:3 |      88 |       0 |   0.0 |      16 |       0 |   0.0
        D:4 |     402 |      36 |   8.2 |      16 |       1 |   5.9
            +---------+---------+-------+---------+---------+-------
